AoeStats
← 1695

Arabian Desert

510181823Analyzed
1v1 RM · 3d ago on Sep 29, 2026· 39m 43s· 2 players
Game mode
Random Map
Map size
Tiny (2 player)
Population
200
Speed
Normal
Resources
Standard
Victory
Conquest
Starting age
Dark Age
Ending age
Imperial Age
RankedLock teamsTeams togetherTeam positionsShared explorationLock speedFull tech treeHidden civsTurbo modeCheats
Victory
Defeat
🇦🇷 Inca · Argentina
857
+13
🇬🇮 Poles · Gibraltar
797
-13
1695
12:07 Feudal Age
12:28 Horse Collar
12:35 Double-Bit Axe
21:25 Castle Age
19:50 Stone Mining
20:45 Forging
21:02 Gold Mining
22:31 Heavy Plow
23:29 Wheelbarrow
22:55 Town Watch
23:58 Elite Skirmisher
24:55 Pikeman
27:43 Iron Casting
30:23 Bow Saw
33:10 Imperial Age
31:20 Gold Shaft Mining
31:30 Squires
33:08 Hand Cart
33:02 Scale Mail Armor
32:54 Champi Runner
33:53 Champi Warrior
35:32 Chain Mail Armor
39:00 Conscription
Hasdrubal
8:18 Loom
10:45 Feudal Age
11:16 Double-Bit Axe
11:31 Horse Collar
19:46 Castle Age
18:58 Forging
19:45 Scale Barding Armor
20:29 Bloodlines
20:41 Bow Saw
21:01 Heavy Plow
24:35 Town Watch
25:25 Wheelbarrow
26:39 Iron Casting
28:44 Fletching
32:47 Imperial Age
32:18 Murder Holes
33:04 Ballistics
34:11 Hoardings
35:38 Masonry
37:39 Blast Furnace
37:00 Chain Barding Armor
36:57 Scale Mail Armor
37:21 Bodkin Arrow
Connection lost

Rejoining the realm…

Still unreachable

The connection could not be restored.

Session expired

The server has moved on; the page needs a fresh start.